 Dungeon Crawl Stone Soup version 0.17-a0-1674-g2b13139 (webtiles) character file.

1852 kobby the Covert (level 8, 0/60 HPs)
             Began as a Vampire Assassin on Aug 18, 2015.
             Was an Initiate of Dithmenos (penitent).
             Slain by an orc warrior
             ... wielding a +0 glaive
              (23 damage)
             ... on level 7 of the Dungeon.
             The game lasted 00:33:34 (7592 turns).

kobby the Covert (Vampire Assassin)                 Turns: 7592, Time: 00:33:34

Health: 0/60       AC:  7    Str: 15    XL:     8   Next: 88%
Magic:  2/2        EV: 18    Int: 13    God:    Dithmenos [*]
Gold:   329        SH:  0    Dex: 18    Spells: 0 memorised, 7 levels left

rFire  + + .     SeeInvis +     c - +5 flail of the Moth {antimagic, rN+}
rCold  + + +     Clarity  +     y - +2 robe {rC+ rF+}
rNeg   + + .     SustAt   .     (no shield)
rPois  .         Gourm    .     (helmet restricted)
rElec  +         Spirit   .     i - +2 cloak
rCorr  .         Warding  .     (no gloves)
rMut   .         Stasis   .     k - +0 pair of boots
MR     .....                    (no amulet)
Stlth  ++++++....               u - ring of protection from fire
                                n - ring of protection from cold

@: mighty, not resistant to hostile enchantments, very stealthy
A: antennae 1, fangs 3, see invisible, clarity, cold resistance 1, deformed
body, sense surroundings 1, electricity resistance, unbreathing
a: Bat Form, Renounce Religion


You were on level 7 of the Dungeon.
You worshipped Dithmenos.
Dithmenos was demanding penance.
You were not thirsty.

You visited 1 branch of the dungeon, and saw 7 of its levels.

You collected 329 gold pieces.

Inventory:

Hand weapons
 b - a +0 blowgun
 c - the +5 flail of the Moth (weapon) {antimagic, rN+}
   (You found it on level 6 of the Dungeon)

   It disrupts the flow of magical energy around spellcasters and certain
   magical creatures (including the wielder).
   It protects you from negative energy.
 q - a +1 dagger of freezing
Missiles
 e - 8 poisoned needles
 f - 2 curare-tipped needles
Armour
 i - a +2 cloak (worn)
 k - a +0 pair of boots (worn)
 o - a +2 robe of magic resistance
 y - a +2 robe of resistance (worn)
Jewellery
 n - a ring of protection from cold (left hand)
 u - a ring of protection from fire (right hand)
 v - an uncursed amulet of stasis
Magical devices
 t - a wand of confusion (0)
 w - a wand of random effects (19)
 z - a wand of teleportation (3)
Scrolls
 g - 3 scrolls of enchant weapon
 j - 5 scrolls of teleportation
 l - a scroll of identify
 m - 2 scrolls of remove curse
 p - 2 scrolls of recharging
 r - a scroll of blinking
Potions
 a - a potion of curing {unknown}
 h - a potion of flight
 s - a potion of magic


   Skills:
 + Level 4.1 Fighting
 + Level 4.1 Short Blades
 + Level 2.2 Maces & Flails
 + Level 1.5 Throwing
 + Level 7.5 Dodging
 + Level 11.9 Stealth


You had 7 spell levels left.
You didn't know any spells.

Dungeon Overview and Level Annotations

Branches:
Dungeon (7/15)
 Temple: D:4-7

Altars:
Dithmenos
Fedhas
Kikubaaqudgha
Nemelex Xobeh
Trog
Xom
Zin
The Shining One

Shops:
D:5 *

Annotations:
D:3 Terence


Innate Abilities, Weirdness & Mutations

You have razor-sharp teeth.
You have supernaturally acute eyesight.
You can survive without breathing.
You have a pair of small antennae on your head.
You possess an exceptional clarity of mind.
Your flesh is cold resistant.
Armour fits poorly on your strangely shaped body.
You passively map a small area around you.
You are resistant to electric shocks.


Message History

Aim: an orc warrior, wielding a glaive and wearing a plate armour Dithmenos does not appreciate your starting fires!
You feel very guilty. "You will pay for your transgression, mortal!"
The bolt of fire hits the orc warrior.
The orc warrior is severely wounded.
The bolt of fire hits the orc.
You kill the orc!
Dithmenos accepts your kill.
Evoking this partially-identified wand wasted a few charges.
The orc warrior closely misses you.
Evoke which item? (* to show all) (? for menu, Esc to quit)
Okay, then.
Drink which item? (? for menu, Esc to quit)
You feel very mighty all of a sudden. The orc warrior completely misses you.
You thump the orc warrior!
The orc warrior is almost dead.
The orc warrior hits you with a glaive!!
You die...

#.#.##.# * #.#.##.# * *
##.#.##.# (..#.##.#
#..#!##.# * ........#
#.##.#### # #.#*.#
#############.# ... #
#...)..o@.....# ..##
#.#####.......##### #.#
##.#####.##........####
..#
#...........##.##.....#
###
#..#####.#####.##.....#
#o....................#
#.######........#.....#
### #)#
##########.#.....#
###.####)# #.....#
#.##...##


You could see an orc warrior.

Vanquished Creatures
  Sigmund (D:3)
  Duvessa (D:7)
  A black bear (D:7)
  An orc warrior (D:7)
  An ogre (D:5)
  A phantom (D:6)
  2 giant frogs
  Dowan (D:7)
  2 scorpions
  2 crimson imps
  A giant frog zombie (D:7)
  2 orc priests
  A hound (D:6)
  5 orc wizards
  2 giant frog skeletons
  2 centaur skeletons (D:4)
  Jessica (D:2)
  4 iguanas
  6 worker ants
  A killer bee zombie (D:7)
  6 adders
  2 shadow imps (D:7)
  An ooze (D:3)
  2 adder skeletons
  5 worms
  6 giant geckos
  27 orcs
  2 ball pythons
  5 giant cockroaches
  7 goblins
  7 hobgoblins
  12 jackals
  5 kobolds
  13 bats
  3 giant newts
  3 quokkas
  7 rats
151 creatures vanquished.

Notes
Turn   | Place    | Note
--------------------------------------------------------------
     0 | D:1      | kobby the Vampire Assassin began the quest for the Orb.
     0 | D:1      | Reached XP level 1. HP: 16/16 MP: 1/1
    97 | D:1      | Reached skill level 6 in Stealth
   251 | D:1      | Reached XP level 2. HP: 22/22 MP: 2/2
   707 | D:2      | Found an ancient bone altar of Kikubaaqudgha.
   711 | D:2      | Found a blossoming altar of Fedhas.
   751 | D:2      | Reached XP level 3. HP: 25/27 MP: 3/3
   768 | D:2      | Found a sparkling altar of Nemelex Xobeh.
   789 | D:2      | Noticed Jessica
   791 | D:2      | Reached skill level 7 in Stealth
   796 | D:2      | Killed Jessica
   959 | D:2      | Reached XP level 4. HP: 19/33 MP: 4/4
   975 | D:2      | Gained mutation: Armour fits poorly on your strangely shaped body. [potion of mutation]
   975 | D:2      | Gained mutation: You have a pair of small antennae on your head. [potion of mutation]
   975 | D:2      | Gained mutation: You passively map a small area around you. [potion of mutation]
   978 | D:2      | Gained mutation: Your flesh is cold resistant. [potion of beneficial mutation]
  1191 | D:2      | Reached skill level 8 in Stealth
  1362 | D:2      | Found a bloodstained altar of Trog.
  2013 | D:3      | Found a glowing golden altar of the Shining One.
  2305 | D:3      | Reached XP level 5. HP: 36/38 MP: 5/5
  2472 | D:3      | Noticed Sigmund
  2480 | D:3      | Killed Sigmund
  2480 | D:3      | Reached skill level 9 in Stealth
  2480 | D:3      | Reached XP level 6. HP: 44/46 MP: 6/6
  2610 | D:3      | Noticed Terence
  3423 | D:4      | Found a shimmering altar of Xom.
  3425 | D:4      | Noticed an angel
  3427 | D:4      | Found a glowing silver altar of Zin.
  4091 | D:5      | Entered Level 5 of the Dungeon
  4117 | D:5      | Reached XP level 7. HP: 52/52 MP: 7/7
  4279 | D:5      | Found Tefopeak's Assorted Antiques.
  4311 | D:5      | Gained mutation: You are resistant to electric shocks. [potion of beneficial mutation]
  4312 | D:5      | Gained mutation: You possess an exceptional clarity of mind. [potion of beneficial mutation]
  4444 | D:5      | Reached skill level 10 in Stealth
  5073 | D:5      | Reached skill level 5 in Dodging
  5672 | D:6      | Got a bone flail
  5673 | D:6      | Identified the +5 flail of the Moth {antimagic, rN+} (You found it on level 6 of the Dungeon)
  6379 | D:6      | Found a shadowy altar of Dithmenos.
  6389 | D:6      | Reached skill level 11 in Stealth
  6389 | D:6      | Reached XP level 8. HP: 37/58 MP: 2/8
  6392 | D:6      | Became a worshipper of Dithmenos the Shadowed
  6584 | D:7      | Noticed Dowan
  6589 | D:7      | Noticed Duvessa
  6605 | D:7      | Killed Duvessa
  6605 | D:7      | Reached skill level 1 in Maces & Flails
  6606 | D:7      | Killed Dowan
  7589 | D:7      | Was placed under penance by Dithmenos
  7592 | D:7      | Slain by an orc warrior

Vault maps used:
D:1:      minmay_arrival_split_and_join
D:2:      grunt_temple_overflow_growth_and_decay, lemuel_coloured_pillars_altar,
          first_bread, serial_bayou_pond_b, nemelex_xobeh_ov_fountains_minmay,
          uniq_jessica
D:3:      tso_metal_star, uniq_terence, uniq_sigmund
D:4:      grunt_temple_overflow_order_and_chaos_1
D:5:      serial_shops, shop
D:6:      grunt_dithmenos_shadows
D:7:      minmay_temple_entry_poolview, uniq_duvessa

Action                   |  1- 3 |  4- 6 |  7- 9 || total
-------------------------+-------+-------+-------++-------
Melee: Dagger            |    72 |   227 |    73 ||   372
       Flail             |       |       |   197 ||   197
Evoke: Wand              |       |       |     3 ||     3
  Use: Scroll            |     3 |     8 |     5 ||    16
       Potion            |       |    10 |     3 ||    13
 Stab: Sleeping          |    13 |    19 |    18 ||    50
       Distracted        |       |     1 |     4 ||     5
       Confused          |       |       |     3 ||     3
  Eat: Corpse            |       |     6 |    12 ||    18
